 Dungeon Crawl Stone Soup version 0.26-a0-639-g72c4674329 (webtiles) character file.

Game seed: 11040820978526126580

94 Flugslaktarn the Skirmisher (level 4, -7/41 HPs)
             Began as a Minotaur Fighter on Sept 20, 2020.
             Killed by divine providence
             ... invoked by an orc priest
              (8 damage)
             ... on level 4 of the Dungeon.
             The game lasted 00:00:45 (1048 turns).

Flugslaktarn the Skirmisher (Minotaur Fighter)      Turns: 1048, Time: 00:00:46

Health: -7/41      AC:  7    Str: 22    XL:     4   Next: 38%
Magic:  3/3        EV:  7    Int:  7    God:
Gold:   96         SH:  9    Dex:  9    Spells: 3/3 levels left

rFire    . . .     SeeInvis .   a - +0 war axe
rCold    . . .     Faith    .   c - +0 kite shield
rNeg     . . .     Spirit   .   b - +0 scale mail
rPois    .         Reflect  .   (helmet restricted)
rElec    .         Harm     .   (no cloak)
rCorr    .         Rampage  .   (no gloves)
MR       .....                  (no boots)
Stlth    ..........             (no amulet)
HPRegen  0.13/turn              (no ring)
MPRegen  0.08/turn              (no ring)

@: no status effects
A: retaliatory headbutt, horns 2, clever 1, screaming 1
a: no special abilities


You were on level 4 of the Dungeon.
You visited 1 branch of the dungeon, and saw 5 of its levels.

You collected 96 gold pieces.

Inventory:

Hand Weapons
 a - a +0 war axe (weapon)
Armour
 b - a +0 scale mail (worn)
 c - a +0 kite shield (worn)
Scrolls
 f - 2 scrolls of enchant armour {unknown}
 g - a scroll of remove curse {unknown}
 i - a scroll of teleportation {unknown}
 j - a scroll of magic mapping {unknown}
Potions
 d - a potion of might


   Skills:
 * Level 4.7 Fighting
 * Level 3.7 Axes
 + Level 4.2 Armour
 + Level 4.1 Shields


You had 3 spell levels left.
You didn't know any spells.
Your spell library was empty.

Dungeon Overview and Level Annotations

Branches:
Dungeon (5/15)
 Temple: D:4-7

Altars:

Shops:
D:4 [

Annotations:
D:4 3 runed translucent doors


Innate Abilities, Weirdness & Mutations

You reflexively headbutt those who attack you in melee.
You have a pair of horns on your head.
Your mind is acute. (Int +2)
You occasionally shout uncontrollably at your foes.


Message History

You climb upwards.
Level annotation: 3 runed translucent doors
There is a stone staircase leading down here.
The orc priest hits you from afar with a +0 vorpal trident!
The orc priest calls down the wrath of Beogh upon you.
Pain shoots through your body!
The orc throws a silver boomerang.
The silver boomerang hits you but does no damage.
The silver sears you!
The weapon returns to the orc!
You closely miss the orc priest. You headbutt the orc priest.
The orc priest is moderately wounded.
The orc priest calls down the wrath of Beogh upon you.
Pain shoots through your body!
* * * LOW HITPOINT WARNING * * *
The orc throws a silver boomerang.
The silver boomerang hits you.
* * * LOW HITPOINT WARNING * * *
The silver sears you!
* * * LOW HITPOINT WARNING * * *
The orc priest mumbles some strange prayers to Beogh against you.
Beogh smites you!
You die...

#+++###..#.##.###
...(.$##.........
.......##..####.#
........#..####.####.
####....##....)../...
###...#.####..#.##
#ZZ#o## #.>#
#..#.)###..#
#..##..##.@# .....
#..o..o# .....
#.?##..# ##..#
#...##..# ###
...####..# ..... ...#
.#... ...# ...##
##### .#.


You could see an orc priest and an orc.

Vanquished Creatures
  A worker ant (D:4)
  Robin (D:4)
  3 adders
  An ufetubus (D:5)
  2 orcs
  2 giant cockroaches (D:1)
  2 hobgoblins (D:4)
  A quokka (D:2)
  A ball python (D:2)
  3 frilled lizards
  10 goblins
  3 rats
30 creatures vanquished.

Vanquished Creatures (others)
  An orc (D:4)
  A plant (D:4)
2 creatures vanquished.

Grand Total: 32 creatures vanquished

Notes
Turn   | Place    | Note
-------+----------+-------------------------------------------
     0 | D:1      | Flugslaktarn the Minotaur Fighter began the quest for the
                  | Orb.
     0 | D:1      | Reached XP level 1. HP: 19/19 MP: 0/0
   113 | D:2      | Reached XP level 2. HP: 16/27 MP: 1/1
   456 | D:3      | Reached XP level 3. HP: 30/33 MP: 2/2
   535 | D:4      | Noticed Robin
   543 | D:4      | Killed Robin
   573 | D:4      | Reached XP level 4. HP: 31/41 MP: 3/3
   660 | D:4      | Found Unku's Antique Armour Boutique.
   753 | D:4      | Found a runed translucent gate.
   754 | D:4      | Found a runed translucent gate.
   755 | D:4      | Found a runed translucent gate.
   784 | D:4      | Gained mutation: You occasionally shout uncontrollably at
                  | your foes. [potion of mutation]
   784 | D:4      | Gained mutation: Your mind is acute. (Int +2) [potion of
                  | mutation]
   793 | D:5      | Entered Level 5 of the Dungeon
  1048 | D:4      | HP: 2/41 [orc/silver boomerang (2)]
  1048 | D:4      | Killed from afar by an orc priest

Illustrated notes

Levels and vault maps discovered:
D:1:      evilmike_arrival_hilbert_curve, layout_rooms
D:2:      layout_loops_cross, nemelex_xobeh_ov_fountains_minmay,
          chequers_serial_rivers_micro_c
D:3:      layout_basic, makhleb_grotto_becter, nicolae_overflow_hidden_temple
D:4:      layout_loops_ring, serial_shops, shop, gammafunk_ghost_icy,
          serial_bayou_pond_d, uniq_robin
D:5:      layout_gridville, hellmonk_ghost_happy_afterlife, basic_altar

Skill      XL: |  1  2  3 |
---------------+----------+-----
Fighting       | 4 |  4.7
Axes           | 3 |  3.7
Armour         | 4 |  4.2
Shields        | 4 |  4.1

Action                   |  1- 3 |  4- 6 || total
-------------------------+-------+-------++-------
Melee: War axe           |    57 |    10 ||    67
       Headbutt          |     9 |     1 ||    10
  Use: Potion            |       |     2 ||     2
Armor: Scale mail        |    29 |     5 ||    34
Dodge: Dodged            |    13 |     1 ||    14
Block: Kite shield       |    40 |    10 ||    50

Table legend: (Time is in decaauts)
 A = Elapsed time spent in this place.
 B = Non-inter-level travel time spent in this place.
 C = Inter-level travel time spent in this place.
 D = Time resting spent in this place.
 E = Time spent auto-exploring this place.
 F = Levels seen in this place.
 G = Mean time per level.
                   A        B        C        D        E       F      G
               +--------+--------+--------+--------+--------+-----+--------+
         Total |   1075 |   1050 |     25 |    246 |    605 |   5 |  215.0 |
       Dungeon |   1075 |   1050 |     25 |    246 |    605 |   5 |  215.0 |
               +--------+--------+--------+--------+--------+-----+--------+

Top non-repeatable levels by time:
     D:2: 335 daAuts
     D:4: 276 daAuts
     D:5: 253 daAuts
     D:1: 107 daAuts
     D:3: 102 daAuts
